 Dungeon Crawl Stone Soup version bcrawl-1.23.1 (webtiles) character file.

Game seed: 5407737719761416824

2833 diana the Blocker (level 9, 0/93 HPs)
             Began as a Demonspawn Gladiator on May 27, 2020.
             Was a Follower of Okawaru.
             Slain by an orc priest (3 damage)
             ... on level 7 of the Dungeon.
             The game lasted 00:13:38 (9083 turns).

diana the Blocker (Demonspawn Gladiator)            Turns: 9083, Time: 00:13:39

Health: 0/93       AC: 24    Str: 17    XL:     9   Next: 45%
Magic:  10/11      EV:  2    Int: 14    God:    Okawaru [*.....]
Gold:   497        SH: 13    Dex: 15    Spells: 8/8 levels left

rFire    + . .     SeeInvis .   a - +0 long sword
rCold    + . .     Gourm    .   l - +0 medium shield
rNeg     + + +     Faith    .   (armour currently unavailable)
rPois    +         Spirit   .   (helmet currently unavailable)
rElec    +         Reflect  .   (cloak currently unavailable)
rCorr    +         Harm     .   (gloves currently unavailable)
MR       .....     NoTele   +   (boots currently unavailable)
Stlth    +.........             (no amulet)
HPRegen  0.25/turn              (no ring)
MPRegen  0.12/turn              (no ring)

@: tree-form, resistant
A: clever 2
a: Heroism, Renounce Religion


You were on level 7 of the Dungeon.
You worshipped Okawaru.
Okawaru was aware of your devotion.
You were very hungry.
You were a tree.
You visited 1 branch of the dungeon, and saw 7 of its levels.

You collected 497 gold pieces.

Inventory:

Hand Weapons
 a - a +0 long sword (weapon)
Missiles
 d - 3 throwing nets (quivered) {!f}
 m - 140 steel javelins
Armour
 c - a +0 helmet (melded)
 l - a +0 medium shield (worn)
 v - a +0 plate armour (melded)
 x - a +2 pair of boots (melded)
Wands
 k - a wand of polymorph (3)
 y - a wand of iceblast (10)
 B - a wand of enslavement (6)
Scrolls
 g - a scroll of fog {unknown}
 i - 6 scrolls of teleportation
 j - a scroll of immolation {unknown}
 n - 2 scrolls of amnesia {unknown}
 p - a scroll of magic mapping {unknown}
 q - 3 scrolls of remove curse {unknown}
 r - 3 scrolls of fear {unknown}
 t - 3 scrolls of enchant weapon {unknown}
 u - 3 scrolls of identify {unknown}
 w - a scroll of noise {unknown}
Potions
 b - a potion of flight
 f - a potion of haste
 h - 2 potions of brilliance
 o - a potion of lignification
 s - 3 potions of degeneration
 A - 2 potions of invisibility
Comestibles
 e - 10 rations {!d}


   Skills:
 - Level 2.4 Fighting
 + Level 6.8 Long Blades
 - Level 1.7 Throwing
 + Level 4.6 Armour
 - Level 2.6 Dodging
 * Level 8.4 Shields
 + Level 3.6 Invocations


You had 8 spell levels left.
You didn't know any spells.
Your spell library was empty.

Dungeon Overview and Level Annotations

Branches:
Dungeon (7/12)             Temple (0/1) D:6
   Lair: D:7-9

Altars:
Ashenzari
Dithmenos
Kikubaaqudgha
Lugonu
Makhleb
Okawaru
Ru
Trog
Yredelemnul
Zin

Shops:
D:4 [   D:6 [


Innate Abilities, Weirdness & Mutations

((You have razor-sharp toenails.))
((You are partially covered in sharp spines.))
((When seriously injured, your bleeding wounds create thick armour. (AC +0)))
Your mind is very acute. (Int +4)


Message History

You hit the orc priest but do no damage.
The orc priest is struck by your spines.
The orc priest hits you.
* * * LOW HITPOINT WARNING * * *
You hit the orc priest but do no damage.
The orc priest is moderately wounded.
The orc priest mumbles some strange prayers to Beogh against you.
Beogh smites you!
* * * LOW HITPOINT WARNING * * *
Really quaff the potion of lignification?
You turn into a tree.
Your +0 helmet melds into your body.
Your +2 pair of boots melds into your body.
Your +0 plate armour melds into your body.
Your roots penetrate the ground.
Your blood armour dries and flakes away.
You hit the orc priest.
The orc priest is heavily wounded.
You feel like a meek peon again. The orc priest hits you.
You die...

##...# .....#
##...#
#..############
#..##.........#
#..##.#######.#
#.....# #.#
##....#
#$######
#####..#
#..♣oc.#
.......#
#.####(#
#####..# #.# #
#..# #.# #
#.... ..# #
#.#.## ### #
#.#.# . ..#.#
## ##


You could see a centaur and an orc priest.

Vanquished Creatures
  A troll (D:7)
  Grinder (D:3)
  A crocodile (D:5)
  2 orc warriors (D:6)
  A phantom (D:7)
  A black bear (D:6)
  A centaur (D:5)
  2 ogres
  2 bullfrogs (D:7)
  4 wights (D:6)
  4 howler monkeys
  2 crimson imps
  3 hounds
  2 jellies
  A centaur skeleton (D:7)
  5 orc priests
  2 bullfrog skeletons
  Ijyb (D:3)
  Natasha (thrice) (D:3)
  An iguana (D:4)
  9 orc wizards
  5 worker ants
  A killer bee zombie (D:5)
  A hound zombie (D:5)
  A hound skeleton (D:4)
  A worker ant zombie (D:5)
  5 adders
  A gnoll (D:7)
  3 shadow imps
  3 oozes
  An adder zombie (D:4)
  5 worms
  A dart slug (D:2)
  4 leopard geckos
  28 orcs
  A ball python (D:3)
  3 bats
  2 giant cockroaches
  2 gnoll zombies (D:6)
  6 hobgoblins
  17 jackals
  8 quokkas
  2 frilled lizards (D:1)
  7 goblins
  10 kobolds
  5 rats
172 creatures vanquished.

Notes
Turn   | Place    | Note
-------+----------+-------------------------------------------
     0 | D:1      | diana the Demonspawn Gladiator began the quest for the Orb.
     0 | D:1      | Reached XP level 1. HP: 16/16 MP: 1/1
   191 | D:1      | Gained mutation: You are partially covered in sharp spines.
                  | [demonic ancestry]
   191 | D:1      | Reached XP level 2. HP: 21/22 MP: 2/2
  1158 | D:2      | Reached XP level 3. HP: 15/28 MP: 3/3
  1539 | D:2      | Reached skill level 1 in Shields
  1804 | D:2      | Found a shadowy altar of Dithmenos.
  2089 | D:3      | Noticed Grinder
  2136 | D:3      | Noticed Ijyb
  2180 | D:3      | Noticed Natasha
  2196 | D:3      | Killed Natasha
  2196 | D:3      | Reached skill level 2 in Shields
  2196 | D:3      | Gained mutation: You have sharp toenails. [demonic
                  | ancestry]
  2196 | D:3      | Reached XP level 4. HP: 8/34 MP: 4/4
  2635 | D:3      | Paralysed by Grinder for 2 turns
  2661 | D:3      | Paralysed by Grinder for 2 turns
  2664 | D:3      | Killed Grinder
  2664 | D:3      | Reached skill level 3 in Shields
  2664 | D:3      | Gained mutation: When seriously injured, your bleeding
                  | wounds create armour. (AC +0) [demonic ancestry]
  2664 | D:3      | Reached XP level 5. HP: 18/39 MP: 5/5
  2664 | D:3      | Gained mutation: You have razor-sharp toenails. [demonic
                  | ancestry]
  2664 | D:3      | Reached XP level 6. HP: 21/46 MP: 6/6
  2835 | D:3      | Reached skill level 4 in Shields
  2883 | D:3      | Noticed Natasha
  3028 | D:3      | Killed Natasha
  3061 | D:3      | Killed Ijyb
  3394 | D:3      | Found an ancient bone altar of Kikubaaqudgha.
  3625 | D:3      | Noticed Natasha
  3634 | D:3      | Killed Natasha
  4012 | D:3      | Reached XP level 7. HP: 46/51 MP: 7/7
  4056 | D:3      | Reached skill level 5 in Shields
  4245 | D:4      | Reached skill level 1 in Armour
  4298 | D:4      | Reached skill level 5 in Long Blades
  4970 | D:4      | HP: 2/51 [orc warrior/+0 glaive (5)]
  5345 | D:4      | Found a corrupted altar of Lugonu.
  5458 | D:4      | Reached skill level 6 in Shields
  5458 | D:4      | Reached XP level 8. HP: 24/57 MP: 8/8
  5869 | D:4      | Found Barac's Armour Shop.
  5909 | D:5      | Entered Level 5 of the Dungeon
  6093 | D:5      | Found an iron altar of Okawaru.
  6122 | D:5      | Became a worshipper of Warmaster Okawaru
  6474 | D:5      | Found a sacrificial altar of Ru.
  6583 | D:5      | Found a glowing silver altar of Zin.
  6797 | D:6      | Found a staircase to the Ecumenical Temple.
  6866 | D:6      | Reached skill level 7 in Shields
  6989 | D:6      | Reached * piety under Okawaru
  7190 | D:6      | Found a shattered altar of Ashenzari.
  7280 | D:6      | Reached skill level 1 in Invocations
  7304 | D:6      | Found Pisaplar's Antique Armour Boutique.
  7666 | D:6      | Gained mutation: When seriously injured, your bleeding
                  | wounds create thick armour. (AC +0) [demonic ancestry]
  7666 | D:6      | Reached XP level 9. HP: 48/62 MP: 7/10
  7889 | D:6      | Found a burning altar of Makhleb.
  7929 | D:6      | Found a basalt altar of Yredelemnul.
  8324 | D:7      | Reached skill level 8 in Shields
  8324 | D:7      | Noticed a troll
  8342 | D:7      | Killed a troll
  8639 | D:7      | Found an iron altar of Okawaru.
  8640 | D:7      | Found a bloodstained altar of Trog.
  9073 | D:7      | Gained mutation: Your mind is acute. (Int +2) [potion of
                  | mutation]
  9073 | D:7      | Gained mutation: Your mind is very acute. (Int +4) [potion
                  | of mutation]
  9081 | D:7      | HP: 1/62 [orc priest/divine providence (8)]
  9083 | D:7      | Slain by an orc priest

Skill      XL: |  1  2  3  4  5  6  7  8  9 |
---------------+----------------------------+-----
Long Blades    | 3 4 5 6 |  6.8
Shields        | 2 3 4 6 7 8 |  8.4
Armour         | 2 4 |  4.6
Invocations    | 1 3 |  3.6
Fighting       | |  2.4
Throwing       | |  1.7
Dodging        | |  2.6

Action                   |  1- 3 |  4- 6 |  7- 9 || total
-------------------------+-------+-------+-------++-------
Melee: Long sword        |   124 |   150 |   514 ||   788
       Kick              |       |    31 |       ||    31
Invok: Heroism           |       |       |     3 ||     3
Evoke: Wand              |       |       |     1 ||     1
  Use: Potion            |     3 |     4 |     6 ||    13
       Scroll            |       |     1 |     1 ||     2
 Stab: Distracted        |     1 |       |       ||     1
  Eat: Chunk             |     3 |     4 |    12 ||    19
       Ration            |       |     1 |     1 ||     2
Armor: Leather armour    |    30 |    23 |       ||    53
       Skin              |     3 |     7 |       ||    10
       Plate armour      |       |    10 |   255 ||   265
Dodge: Dodged            |    45 |    34 |    39 ||   118
Block: Medium shield     |    51 |    85 |   309 ||   445
